 Dungeon Crawl Stone Soup version 0.25-a0-942-g87a53962fc (webtiles) character file.

Game seed: 10983626122967829562, levelgen mode: deterministic

205916 Azyl the Fencer (level 18, -14/177 HPs)
             Began as a Minotaur Berserker on May 5, 2020.
             Was the Champion of Trog.
             Killed by the raging water
             ... invoked by a water nymph
              (38 damage)
             ... on level 3 of the Shoals on May 7, 2020.
             The game lasted 02:56:47 (36318 turns).

Azyl the Fencer (Minotaur Berserker)               Turns: 36318, Time: 02:56:48

Health: -14/177    AC: 37    Str: 30    XL:     18   Next: 5%
Magic:  33/33      EV:  3    Int: 10    God:    Trog [******]
Gold:   1158       SH:  0    Dex: 13    Spells: 17/17 levels left

rFire    + + .     SeeInvis +   o - +7 great sword of Zini {vamp, Str+3}
rCold    + . .     Gourm    .   (shield currently unavailable)
rNeg     . . .     Faith    .   X - +3 gold dragon scales
rPois    +         Spirit   .   Z - +2 hat "Kippuale" {Int+4 Slay+2 Stlth+}
rElec    .         Reflect  +   m - +2 cloak {MR+}
rCorr    .         Harm     .   U - +1 pair of gloves of Mytog {rPois rF+ MP+9 Str+2 SInv}
MR       ++++.                  f - +2 pair of boots
Stlth    ..........             v - +3 amulet of reflection
HPRegen  1.39/turn              E - +5 ring of protection
MPRegen  0.23/turn              p - ring of flight

@: lethally poisoned (-14 -> -14), held, regenerating, studying Maces & Flails,
very heavily drained, very slow
A: retaliatory headbutt, horns 2, screaming 1
}: 1/15 runes: serpentine
a: Berserk, Trog's Hand, Brothers in Arms, Renounce Religion, Evoke Flight


You were on level 3 of the Shoals.
You worshipped Trog.
Trog was exalted by your worship.
You were hungry.

You visited 5 branches of the dungeon, and saw 30 of its levels.
You also visited: Bailey and Gauntlet.

You collected 4824 gold pieces.
You spent 3666 gold pieces at shops.

Inventory:

Hand Weapons
 o - the +7 great sword of Zini (weapon) {vamp, Str+3}
   (You found it on level 1 of the Lair of Beasts)

   It inflicts no extra harm, but heals its wielder when it wounds a living foe.
   It affects your strength (+3).
 Y - the +10 battleaxe of Res Nullius {flame, +Fly Dex+6 Stlth-}
   (Trog gifted it to you on level 6 of the Lair of Beasts)

   It has been specially enchanted to burn those struck by it, causing extra
   injury to most foes and up to half again as much damage against particularly
   susceptible opponents.
   Big, fiery blades are also staple armaments of hydra-hunters.
   It affects your dexterity (+6).
   It lets you fly.
   It makes you less stealthy.
Missiles
 H - 63 javelins (quivered)
Armour
 f - a +2 pair of boots (worn)
 m - a +2 cloak of magic resistance (worn)
 U - the +1 pair of gloves of Mytog (worn) {rPois rF+ MP+9 Str+2 SInv}
   (You found it in a Gauntlet)

   It affects your strength (+2).
   It protects you from fire.
   It protects you from poison.
   It affects your magic capacity (+9).
   It lets you see invisible.
 X - +3 gold dragon scales (worn)
 Z - the +2 hat "Kippuale" (worn) {Int+4 Slay+2 Stlth+}
   (You bought it in a shop on level 2 of the Orcish Mines)

   It affects your intelligence (+4).
   It affects your accuracy and damage with ranged weapons and melee attacks
   (+2).
   It makes you more stealthy.
Jewellery
 k - an uncursed ring of protection from magic
 p - a ring of flight (right hand)
 v - a +3 amulet of reflection (around neck)
 E - a +5 ring of protection (left hand)
 F - a +4 ring of slaying
Wands
 r - a wand of digging (8)
 t - a wand of paralysis (19)
 w - a wand of enslavement (19)
 y - a wand of polymorph (9)
 M - a wand of acid (32)
 S - a wand of flame (15)
Scrolls
 b - 14 scrolls of teleportation
 e - 24 scrolls of remove curse
 n - a scroll of holy word
 u - 5 scrolls of blinking
 A - 5 scrolls of identify
 C - 4 scrolls of enchant weapon
 J - 2 scrolls of magic mapping
 K - 3 scrolls of fog
 O - a scroll of fear
 P - a scroll of summoning
 W - a scroll of brand weapon
Potions
 a - 2 potions of flight
 d - 18 potions of curing
 i - 3 potions of cancellation
 j - 2 potions of resistance
 l - 4 potions of might
 q - 5 potions of invisibility
 x - a potion of ambrosia
 z - 3 potions of heal wounds
 B - 5 potions of magic
 D - 4 potions of brilliance
 G - 5 potions of haste
 N - a potion of berserk rage
 T - 3 potions of stabbing
Books
 R - a manual of Maces & Flails
Miscellaneous
 V - 2 boxes of beasts
Comestibles
 c - 15 rations
 g - 3 chunks of flesh


   Skills:
 + Level 19.6(15.0) Fighting
 - Level 20.0(15.4) Long Blades
 - Level 9.9(9.4) Axes
   Level 14.7(11.5) Polearms
 + Level 15.0(10.8) Armour
 - Level 2.1(0.0) Dodging
 - Level 1.0(0.0) Stealth
 - Level 10.0(6.3) Evocations


You had 17 spell levels left.
You didn't know any spells.
Your spell library was empty.

Dungeon Overview and Level Annotations

Branches:
Dungeon (15/15)            Temple (0/1) D:5            Lair (6/6) D:11
 Shoals (3/4) Lair:2        Snake (4/4) Lair:3        Slime (0/5) Lair:6
    Orc (2/2) D:9             Elf (0/3) Orc:2        Vaults (0/5) D:14
 Depths (0/5) D:15         Bailey (visited)         Gauntlet (visited)

Altars:
Cheibriados
Makhleb
Xom
The Shining One
Beogh
Jiyva

Shops:
D:6 [   D:11 ?   D:14 (   D:15 =   Orc:1 %   Orc:2 [[!(

Portals:
Hell: Lair:6

Annotations:
Lair:1 3 runed translucent doors, niknal's ghost, novice TrFi
Lair:3 exclusion: ice statue
Lair:4 1 runed translucent door, YoungGLord's ghost, journeyman GrEE


Innate Abilities, Weirdness & Mutations

You reflexively headbutt those who attack you in melee.
You have a pair of horns on your head.
You occasionally shout uncontrollably at your foes.


Message History

Splash!
You fall into the shallow water.
Moving in this stuff is going to be slow.
The manticore bites you but does no damage.
The manticore claws you but does no damage. x2
Your skin crawls.
You feel resistant to hostile enchantments.
You feel quite a bit more hungry.
The sentinel's mark upon you fades away.
The water elemental barely misses your deep troll.
The merfolk impaler hits you but does no damage.
The merfolk hits you but does no damage.
Your deep troll bites the water elemental.
Your deep troll claws the water elemental.
Your deep troll claws the water elemental!!
The merfolk impaler hits you from afar with a +2 trident of venom.
* * * LOW HITPOINT WARNING * * *
The water nymph gestures at you while chanting.
The water swirls and strikes you!!!
You die...

≈≈≈≈≈...≈≈PPP≈≈≈≈≈≈≈÷≈≈≈c.#
....≈...≈P≈≈P≈PP≈≈)≈≈≈≈≈..#
.........≈≈≈$PP...(...≈≈...#
####......≈......m....c%...#
###...##.......m≈E(Hm.......
.........≈≈.....mEm.........
.###.≈≈..≈≈..≈EEmmmm........
..#......≈≈≈≈≈≈TmHm.........
≈........≈≈≈≈≈.≈@≈.........
....[.≈.≈≈≈≈≈......≈.......
≈.......≈≈≈≈..?...≈≈......
≈=..)...≈≈≈≈..≈≈..≈≈?$≈...
≈≈..≈≈.≈≈≈.<.≈≈≈..≈≈.≈≈≈.
≈≈≈≈≈≈≈≈≈....≈≈....≈.≈≈≈.
≈≈≈≈≈≈≈≈≈≈.≈≈≈≈.<..≈.≈≈≈≈
≈≈≈≈≈≈≈≈≈≈≈≈≈≈≈....≈)≈≈≈
≈≈≈≈≈≈≈≈≈≈≈≈≈≈....≈.≈≈≈≈


You could see 2 merfolk impalers, a satyr, a merfolk aquamancer, 7 merfolk, 2
manticores, 4 water elementals, a water nymph and a friendly deep troll
(berserk).

Vanquished Creatures
  Vashnia (Snake:2)
  Jorgrun (Snake:2)
  A kraken (Shoals:2)
  Kirke (Snake:2)
  5 nagarajas (Snake:4)
  An ironheart preserver (D:14)
  Nessos (D:13)
  A dire elephant (Lair:3)
  A minotaur (Gauntlet)
  4 merfolk javelineers (Shoals:2)
  8 merfolk impalers
  Josephine (D:14)
  Fannar (D:11)
  An ice dragon (Lair:3)
  A hydra (shapeshifter) (D:13)
  6 hydras
  7 anacondas
  16 naga warriors
  3 centaur warriors
  5 merfolk avatars (Shoals:1)
  4 two-headed ogres
  An alligator snapping turtle (Shoals:1)
  2 death scarabs (Gauntlet)
  2 orc high priests (Orc:2)
  4 death yaks
  14 naga sharpshooters
  5 shock serpents
  A sun demon (Lair:6)
  2 salamander mystics
  A fire crab (Shoals:1)
  A spark wasp zombie (D:15)
  2 skeletal warriors (D:15)
  3 sea snakes
  2 large abominations (Gauntlet)
  A wizard (Lair:6)
  2 unseen horrors (D:14)
  2 deep elf archers (D:14)
  A tengu zombie (D:15)
  3 orc sorcerers (Orc:2)
  A phantasmal warrior (D:15)
  7 naga ritualists
  A necromancer (D:15)
  8 orc knights
  19 harpies
  12 mana vipers
  3 fauns (Shoals:2)
  A fire giant zombie (D:15)
  18 elephants
  3 deep elf magi
  9 salamanders
  7 ugly things
  4 centaur zombies
  4 cyclopes
  5 manticores
  40 black mambas
  4 water nymphs
  Psyche (D:12)
  4 molten gargoyles
  10 naga magi
  13 spiny frogs
  5 guardian serpents
  A smoke demon (Lair:6)
  A torpor snail (Lair:2)
  An ice statue (Gauntlet)
  7 merfolk sirens
  2 orange demons (Lair:6)
  8 komodo dragons
  6 rime drakes
  2 ice devils (Lair:6)
  A red devil (Lair:6)
  5 trolls
  12 merfolk
  2 polar bears
  3 wind drakes
  A harpy skeleton (D:15)
  2 snapping turtles (Shoals:2)
  A blink frog (shapeshifter) (D:15)
  6 slime creatures
  9 hippogriffs
  29 dream sheep
  A shadow (D:14)
  Sigmund (D:2)
  35 yaks
  A spriggan (Lair:3)
  A centaur simulacrum (D:13)
  An ettin skeleton (D:15)
  6 water elementals
  3 wyverns
  4 hogs (Snake:2)
  2 vampires
  6 wraiths (D:14)
  A steam dragon (D:9)
  A basilisk (Lair:4)
  2 fire bats (Shoals:1)
  Eustachio (D:4)
  A spectral komodo dragon (Gauntlet)
  2 hungry ghosts
  2 vampire mosquitoes (D:12)
  54 nagas
  3 soldier ants
  2 spectral spiny frogs (Gauntlet)
  An acid dragon (D:15)
  4 wargs
  8 water moccasins
  20 orc warriors
  4 hell hounds (Lair:6)
  6 porcupines
  14 ice beasts
  A hornet zombie (D:11)
  3 sky beasts
  2 black bears
  An eye of draining (D:13)
  An eye of draining (shapeshifter) (D:14)
  4 phantoms
  19 ogres
  11 crocodiles
  18 centaurs
  11 wolves
  A big kobold (D:10)
  A wyvern zombie (D:13)
  14 bullfrogs
  2 wyvern skeletons
  4 scorpions
  10 wights
  27 killer bees
  4 howler monkeys (D:7)
  4 electric eels
  6 crimson imps
  A lava snake (D:11)
  2 bullfrog zombies
  3 hounds
  2 quasits
  5 bullfrog skeletons
  5 jellies
  13 orc priests
  7 centaur skeletons
  Terence (D:2)
  3 iguanas
  9 orc wizards
  12 worker ants
  A killer bee zombie (D:8)
  A bullfrog simulacrum (D:13)
  4 small abominations (Gauntlet)
  A hound zombie (D:6)
  2 hound skeletons
  A howler monkey zombie (D:6)
  Robin (D:2)
  A worker ant zombie (D:11)
  5 gnolls
  14 adders
  A howler monkey skeleton (D:6)
  3 river rats
  7 shadow imps
  15 white imps
  An ooze (D:2)
  An adder skeleton (D:8)
  An adder zombie (D:6)
  4 worms
  3 dart slugs (D:1)
  9 leopard geckos
  58 orcs
  A ball python (D:7)
  11 bats
  2 giant cockroaches
  22 goblins
  4 hobgoblins
  7 jackals
  14 kobolds
  5 quokkas
  7 frilled lizards
  A jackal skeleton (D:5)
  2 leopard gecko zombies (D:6)
  A quokka skeleton (D:7)
  A quokka zombie (D:8)
  6 rats
  3 fungi
  2 plants
  2 tentacles (Shoals:2)
1016 creatures vanquished.

Vanquished Creatures (others)
  An anaconda (Snake:4)
  An orc high priest (Orc:2)
  2 humans (Snake:2)
  An orc priest (D:11)
  A quokka (D:11)
  17 fungi
  8 plants
  8 tentacles (Shoals:2)
39 creatures vanquished.

Grand Total: 1055 creatures vanquished

Notes
Turn   | Place    | Note
-------+----------+-------------------------------------------
     0 | D:1      | Azyl the Minotaur Berserker began the quest for the Orb.
     0 | D:1      | Reached XP level 1. HP: 19/19 MP: 0/0
   194 | D:1      | Reached XP level 2. HP: 23/27 MP: 1/1
   455 | D:1      | Reached XP level 3. HP: 32/33 MP: 2/2
   565 | D:1      | Reached ** piety under Trog
   945 | D:2      | Reached skill level 5 in Axes
  1215 | D:2      | Noticed Robin
  1235 | D:2      | Killed Robin
  1235 | D:2      | Reached XP level 4. HP: 41/41 MP: 3/3
  1554 | D:2      | Reached skill level 5 in Fighting
  1604 | D:2      | Noticed Terence
  1620 | D:2      | Killed Terence
  1620 | D:2      | Reached *** piety under Trog
  1620 | D:2      | Reached XP level 5. HP: 31/48 MP: 4/4
  1881 | D:2      | Noticed Sigmund
  1894 | D:2      | Killed Sigmund
  1894 | D:2      | Reached skill level 1 in Polearms
  1894 | D:2      | Reached XP level 6. HP: 23/58 MP: 5/5
  2463 | D:3      | Reached skill level 1 in Stealth
  2824 | D:4      | Noticed Eustachio
  2834 | D:4      | Killed Eustachio
  2834 | D:4      | Reached XP level 7. HP: 64/64 MP: 6/6
  3081 | D:4      | Reached skill level 5 in Polearms
  3170 | D:5      | Entered Level 5 of the Dungeon
  3174 | D:5      | Found a staircase to the Ecumenical Temple.
  3484 | D:5      | Reached XP level 8. HP: 71/71 MP: 7/7
  3976 | D:6      | Reached **** piety under Trog
  4212 | D:6      | Found Wytahof's Antique Armour Shop.
  4238 | D:6      | Reached skill level 10 in Polearms
  5029 | D:7      | Reached XP level 9. HP: 69/78 MP: 8/8
  5054 | D:7      | Found a shimmering altar of Xom.
  5385 | D:7      | Reached ***** piety under Trog
  6274 | D:8      | Reached skill level 5 in Armour
  6733 | D:8      | Reached XP level 10. HP: 84/84 MP: 9/9
  7320 | D:9      | Found a staircase to the Orcish Mines.
  7539 | D:9      | Found a flagged portal.
  7557 | Bailey   | Entered a bailey
  7577 | Bailey   | Received a gift from Trog
  7580 | Bailey   | Got a jewelled trident {god gift}
  7582 | Bailey   | Identified the +9 trident "Grim Tooth" {flame, rC+} (Trog
                  | gifted it to you in a bailey)
  7808 | Bailey   | Noticed an orc knight
  7808 | Bailey   | Noticed an orc knight
  7808 | Bailey   | Noticed an orc knight
  7817 | Bailey   | Killed an orc knight
  7829 | Bailey   | Killed an orc knight
  8065 | Bailey   | Killed an orc knight
  8065 | Bailey   | Reached XP level 11. HP: 97/97 MP: 10/10
  8181 | Bailey   | Got bloodstained ice dragon scales
  8374 | D:10     | Entered Level 10 of the Dungeon
  8546 | D:10     | Reached skill level 10 in Fighting
  8646 | D:10     | Noticed a cyan ugly thing
  8655 | D:10     | Killed a cyan ugly thing
  9080 | D:10     | Reached skill level 10 in Armour
  9424 | D:11     | Noticed a purple ugly thing
  9427 | D:11     | Noticed a death yak
  9428 | D:11     | Noticed a death yak
  9429 | D:11     | Noticed a death yak
  9455 | D:10     | Killed a purple ugly thing
  9570 | D:11     | Noticed a purple ugly thing
  9597 | D:10     | Killed a death yak
  9606 | D:10     | Killed a death yak
  9790 | D:10     | Killed a death yak
  9792 | D:10     | Reached ****** piety under Trog
  9800 | D:10     | Reached XP level 12. HP: 115/115 MP: 11/11
  9805 | D:10     | Received a gift from Trog
  9877 | D:11     | Noticed Fannar
 10195 | D:11     | Noticed a two-headed ogre
 10206 | D:11     | Killed Fannar
 10216 | D:10     | Killed a two-headed ogre
 10365 | D:11     | Found a staircase to the Lair.
 10452 | D:11     | Found Taazocuv's Magic Scroll Emporium.
 10461 | D:11     | Bought a scroll of identify for 28 gold pieces
 10461 | D:11     | Bought a scroll of identify for 28 gold pieces
 10461 | D:11     | Bought a scroll of identify for 28 gold pieces
 10461 | D:11     | Bought a scroll of teleportation for 42 gold pieces
 10461 | D:11     | Bought a scroll of teleportation for 42 gold pieces
 10461 | D:11     | Bought a scroll of blinking for 105 gold pieces
 11356 | D:11     | You fall into a shaft and drop 2 floors!
 11372 | D:13     | Noticed Nessos
 11383 | D:13     | Noticed a centaur warrior
 11388 | D:13     | Killed Nessos
 11388 | D:13     | Reached skill level 15 in Fighting
 11773 | D:13     | Killed a centaur warrior
 12057 | D:13     | Noticed an emperor scorpion
 12059 | D:13     | Noticed a seven-headed hydra
 12059 | D:13     | an emperor scorpion changed into a seven-headed hydra
 12066 | D:13     | Killed a seven-headed hydra
 12159 | D:13     | Received a gift from Trog
 12168 | D:13     | Noticed a two-headed ogre
 12174 | D:13     | Killed a two-headed ogre
 12341 | D:13     | Noticed a six-headed hydra
 12349 | D:13     | Killed a six-headed hydra
 12349 | D:13     | Reached XP level 13. HP: 118/128 MP: 12/12
 12699 | D:12     | Found a snail-covered altar of Cheibriados.
 13382 | D:12     | Noticed Psyche
 13386 | D:12     | Killed Psyche
 13925 | Lair:1   | Entered Level 1 of the Lair of Beasts
 13925 | Lair:1   | Found a gate leading to a gauntlet.
 13933 | Gauntlet | Entered a Gauntlet
 13933 | Gauntlet | Found a transporter.
 13936 | Gauntlet | Found a transporter.
 13939 | Gauntlet | Found a transporter.
 13961 | Gauntlet | Found a transporter.
 13966 | Gauntlet | Found a transporter.
 13978 | Gauntlet | Found a transporter.
 14115 | Gauntlet | Found a transporter.
 14116 | Gauntlet | Found the cursed necklace of Bloodlust {*Rage +Rage MR++
                  | Int-3 Slay+6 *Curse}
 14244 | Gauntlet | Found a transporter.
 14441 | Gauntlet | Found a transporter.
 14617 | Gauntlet | Got a pair of steaming gloves
 14628 | Gauntlet | Identified the +1 pair of gloves of Mytog {rPois rF+ MP+9
                  | Str+2 SInv} (You found it in a Gauntlet)
 14636 | Gauntlet | Found a transporter.
 14666 | Gauntlet | Noticed a minotaur
 14675 | Gauntlet | Killed a minotaur
 14681 | Gauntlet | Identified the Handbook of Flight and the Glacier
 14689 | Gauntlet | Found the +2 shield of Resistance {rF+ rC+ MR+}
 14927 | Lair:1   | Got a bloodstained great sword
 14928 | Lair:1   | Identified the +7 great sword of Zini {vamp, Str+3} (You
                  | found it on level 1 of the Lair of Beasts)
 15064 | Lair:1   | Reached skill level 1 in Long Blades
 15155 | Lair:1   | Found a runed translucent gate.
 15155 | Lair:1   | Found a runed translucent gate.
 15155 | Lair:1   | Found a runed translucent gate.
 15157 | Lair:1   | Found a viscous altar of Jiyva.
 15157 | Lair:1   | Noticed niknal's ghost (novice TrFi)
 15284 | Lair:1   | Reached skill level 2 in Long Blades
 15567 | Lair:2   | Found a staircase to the Shoals.
 15706 | Lair:2   | Reached skill level 3 in Long Blades
 15710 | Lair:2   | Reached skill level 4 in Long Blades
 15782 | Lair:2   | Received a gift from Trog
 15887 | Lair:2   | Reached skill level 5 in Long Blades
 16263 | Lair:3   | Found a staircase to the Snake Pit.
 16303 | Lair:3   | Reached skill level 6 in Long Blades
 16324 | Lair:3   | You fall into a shaft and drop 2 floors!
 16624 | Lair:5   | Reached skill level 7 in Long Blades
 17750 | Lair:4   | Reached skill level 8 in Long Blades
 18033 | Lair:4   | Reached skill level 9 in Long Blades
 18278 | Lair:4   | Found a runed translucent door.
 18278 | Lair:4   | Found a shimmering altar of Xom.
 18278 | Lair:4   | Noticed YoungGLord's ghost (journeyman GrEE)
 18790 | Lair:3   | Reached XP level 14. HP: 138/138 MP: 13/13
 18979 | Lair:3   | Reached skill level 10 in Long Blades
 19025 | Lair:3   | Received a gift from Trog
 19141 | Lair:3   | Reached skill level 11 in Long Blades
 19820 | Lair:6   | Entered Level 6 of the Lair of Beasts
 19900 | Lair:6   | Reached skill level 12 in Long Blades
 20215 | Lair:6   | Reached skill level 13 in Long Blades
 20355 | Lair:6   | Found a burning altar of Makhleb.
 20376 | Lair:6   | Received a gift from Trog
 20424 | Lair:6   | Got an ichor-stained battleaxe {god gift}
 20623 | Lair:6   | Identified the +10 battleaxe of Res Nullius {flame, +Fly
                  | Dex+6 Stlth-} (Trog gifted it to you on level 6 of the Lair
                  | of Beasts)
 20733 | Lair:6   | Found a gateway to Hell.
 20771 | Lair:6   | Reached skill level 14 in Long Blades
 21049 | Lair:6   | Found a glowing golden altar of the Shining One.
 21068 | Lair:6   | Identified a scroll of acquirement
 21238 | Lair:6   | Found a staircase to the Slime Pits.
 21238 | Lair:6   | Found a viscous altar of Jiyva.
 21412 | Lair:6   | Reached skill level 15 in Long Blades
 21933 | Orc:1    | Entered Level 1 of the Orcish Mines
 22059 | Orc:1    | Found a roughly hewn altar of Beogh.
 22399 | Orc:1    | Found a roughly hewn altar of Beogh.
 22495 | Orc:1    | Found Fechitz's Food Shoppe.
 22548 | Orc:2    | Entered Level 2 of the Orcish Mines
 22871 | Orc:2    | Received a gift from Trog
 22874 | Orc:2    | Got a translucent battleaxe {god gift}
 22917 | Orc:2    | Identified the +3 battleaxe of Laceration {vorpal, *Contam
                  | +Fly rC++} (Trog gifted it to you on level 2 of the Orcish
                  | Mines)
 22974 | Orc:2    | Gained mutation: You occasionally shout uncontrollably at
                  | your foes. [mutagenic glow]
 23135 | Orc:2    | Found a staircase to the Elven Halls.
 23217 | Orc:1    | Reached XP level 15. HP: 137/145 MP: 14/14
 23361 | Orc:2    | Reached skill level 16 in Long Blades
 23593 | Orc:2    | Found Citsouke's Antique Weapon Shop.
 23593 | Orc:2    | Found Kaopykeu's Armour Emporium.
 23772 | Orc:2    | Found Raxiemui's Distillery.
 23772 | Orc:2    | Found Fowasuce's Armour Emporium.
 23789 | Orc:2    | Bought the +2 hat "Kippuale" {Int+4 Slay+2 Stlth+} for 487
                  | gold pieces
 23804 | Orc:2    | Identified the +5 demon trident "Dul Mocvio" {venom, MR+}
                  | (You acquired it on level 2 of the Orcish Mines)
 23808 | Orc:2    | Bought 2 potions of resistance for 300 gold pieces
 23808 | Orc:2    | Bought a potion of invisibility for 120 gold pieces
 23808 | Orc:2    | Bought a potion of heal wounds for 75 gold pieces
 23808 | Orc:2    | Bought a potion of haste for 150 gold pieces
 24618 | D:14     | Found a gate to the Vaults.
 24652 | D:14     | Noticed Josephine
 24661 | D:14     | Killed Josephine
 24761 | D:14     | Found the +5 robe of Misfortune {*Contam Harm *Corrode
                  | *Drain *Slow EV+5}
 24819 | D:14     | Found Sihuhikh's Weapon Shoppe.
 24865 | D:14     | Reached skill level 17 in Long Blades
 25300 | D:15     | Entered Level 15 of the Dungeon
 25672 | D:15     | Found Qulioss's Jewellery Emporium.
 25683 | D:15     | Bought a +5 ring of protection for 935 gold pieces
 25683 | D:15     | Bought a +4 ring of slaying for 1326 gold pieces
 25773 | D:15     | Received a gift from Trog
 25812 | D:15     | Reached skill level 18 in Long Blades
 25817 | D:15     | Found a staircase to the Depths.
 26429 | Snake:1  | Entered Level 1 of the Snake Pit
 27183 | Snake:2  | Noticed Vashnia
 27368 | Snake:2  | Reached skill level 19 in Long Blades
 27661 | Snake:2  | Noticed Jorgrun
 27690 | Snake:2  | Killed Jorgrun
 27799 | Snake:2  | Received a gift from Trog
 27799 | Snake:2  | Reached XP level 16. HP: 152/152 MP: 15/15
 28048 | Snake:2  | Killed Vashnia
 28056 | Snake:2  | Reached skill level 20 in Long Blades
 28086 | Snake:2  | Reached skill level 1 in Evocations
 28224 | Snake:2  | Noticed Kirke
 28244 | Snake:2  | Killed Kirke
 30265 | Snake:4  | Entered Level 4 of the Snake Pit
 31001 | Snake:4  | Received a gift from Trog
 31635 | Snake:4  | Reached XP level 17. HP: 166/166 MP: 19/19
 31895 | Snake:4  | Identified the cursed +1 war axe "Juvvainu" {venom, rF-
                  | rC++ Int+6}
 32518 | Snake:4  | Found the +3 giant club "Skullcrusher" {speed, Str+7}
 32533 | Snake:4  | Got a serpentine rune of Zot
 32682 | Shoals:1 | Entered Level 1 of the Shoals
 32687 | Shoals:1 | Got a jade-encrusted plate armour
 32712 | Shoals:1 | Reached skill level 5 in Evocations
 32756 | Shoals:1 | Identified the +9 plate armour of the Iron City of Dis
                  | {rPois} (You found it on level 1 of the Shoals)
 33971 | Shoals:2 | Noticed a kraken
 34042 | Shoals:2 | Received a gift from Trog
 34259 | Shoals:2 | Got a fine mace
 34260 | Shoals:2 | Identified the +4 mace of Income {freeze, rElec} (You found
                  | it on level 2 of the Shoals)
 34753 | Shoals:2 | Killed a kraken
 35046 | Shoals:2 | Reached skill level 10 in Evocations
 35061 | Shoals:2 | Reached XP level 18. HP: 63/176 MP: 24/24
 35798 | Shoals:2 | Upgraded the game from 0.25-a0-939-g1e880d33e3 to
                  | 0.25-a0-942-g87a53962fc
 36283 | Shoals:3 | Reached skill level 15 in Armour
 36318 | Shoals:3 | Killed from afar by a water nymph

Levels and vault maps discovered:
D:1:      minmay_arrival_glassed_features, layout_rooms
D:2:      layout_basic, first_ration, uniq_robin, uniq_sigmund, uniq_terence
D:3:      layout_basic, minmay_between
D:4:      layout_rooms, uniq_eustachio
D:5:      layout_loops_cross, minmay_temple_entry_slanted
D:6:      layout_loops_cross, serial_undead, serial_undead_b, serial_undead_e,
          serial_undead_c, serial_undead_f, serial_shops, shop_fountains
D:7:      layout_basic, xom_confusion_cloud
D:8:      layout_cave_pools
D:9:      layout_rooms, david_orc_3, enter_bailey_7
D:10:     layout_loops_ring, hangedman_fish_farm
D:11:     layout_basic, dpeg_lair_monsters, serial_shops, shop, minivault_8,
          uniq_fannar
D:12:     layout_basic, basic_altar, uniq_psyche
D:13:     layout_loops_ring, serial_ice, serial_ice_g, serial_ice_e,
          serial_ice_o, serial_ice_k, uniq_nessos
D:14:     layout_stronghold, skrybe_vaults_entry_preservation, serial_shops,
          nicolae_shop_crystal, serial_bayou, serial_bayou_lagoon_a,
          serial_bayou_pond_c, serial_bayou_pond_c, serial_bayou_lagoon_b,
          serial_bayou_pond_d, uniq_josephine
D:15:     gammafunk_depths_entry_grave, layout_small_grid, nicolae_two_hexagons,
          minmay_shop_enchanted_jewellery, minmay_misc_feat_columns,
          fungi_pond_lemuel
Lair:1:   layout_roguey, portal_ice_cave_entry_imps, gauntlet_entry_generic,
          gammafunk_ghost_ooze, patterned_corridor, serial_bayou_shore_b
Lair:2:   layout_misc_corridors, shoals_dummy_entry, grunt_forest_stairs_basic,
          lemuel_fruit_fields, lemuel_fruit_tree
Lair:3:   mu_elephants_graveyard, layout_gridlike, guppyfry_snake_entry_garden,
          serial_bayou_ford_a, ice2_lemuel
Lair:4:   layout_small_grid, ebering_ghost_xom, minivault_19
Lair:5:   layout_cave_pods
Lair:6:   evil_forest, layout_regular_city, slime_altar_1, basic_altar,
          serial_bayou_pond_b
Shoals:1: layout_shoals, hangedman_shoal_volcano
Shoals:2: layout_shoals, nicolae_shoals_mertower
Shoals:3: layout_shoals, nicolae_shoals_arrival_archipelago
Snake:1:  layout_basic
Snake:2:  layout_cave_pods, uniq_jorgrun, uniq_vashnia, uniq_kirke
Snake:3:  layout_layer_cave
Snake:4:  minmay_snake_end_coiled, layout_onion_interference,
          serial_bayou_pond_a, drop_trap
Orc:1:    layout_caves, basic_altar, serial_shops, shop, mines2_david
Orc:2:    grunt_orc_tribal_feast, layout_caves, nicolae_orc_lava_room

Skill      XL: |  1  2  3  4  5  6  7  8  9 10 11 12 13 14 15 16 17 18 |
---------------+-------------------------------------------------------+-----
Axes           | 4 5 6 9 |  9.9
Fighting       | 4 5 6 9 13 15 16 18 19 | 19.6
Polearms       | 1 4 7 11 13 14 | 14.7
Stealth        | 1 |  1.0
Armour         | 3 6 9 11 12 13 14 15 | 15.0
Long Blades    | 9 15 19 20 | 20.0
Evocations     | 4 10 | 10.0
Dodging        | |  2.1

Action                   |  1- 3 |  4- 6 |  7- 9 | 10-12 | 13-15 | 16-18 || total
-------------------------+-------+-------+-------+-------+-------+-------++-------
Melee: Hand axe          |    96 |    37 |       |       |       |       ||   133
       Headbutt          |    15 |    11 |    66 |   137 |   338 |   223 ||   790
       Trident           |       |    49 |   374 |   710 |   130 |       ||  1263
       Battleaxe         |       |       |       |    15 |   178 |       ||   193
       Great sword       |       |       |       |       |   799 |   801 ||  1600
Invok: Berserk           |     1 |     3 |     2 |    10 |     3 |     6 ||    25
       Trog's Hand       |       |       |       |       |     3 |     2 ||     5
       Brothers in Arms  |       |       |       |       |       |     1 ||     1
 Abil: Evoke Flight      |       |       |       |       |       |     2 ||     2
  Use: Scroll            |       |     7 |     7 |    12 |    16 |     3 ||    45
       Potion            |       |       |       |     2 |       |     1 ||     3
 Stab: Distracted        |       |       |       |     1 |       |       ||     1
  Eat: Chunk             |     1 |     5 |     7 |    16 |    23 |     8 ||    60
       Ration            |       |     1 |     3 |     4 |     9 |     7 ||    24
Armor: Animal skin       |    15 |       |       |       |       |       ||    15
       Ring mail         |    11 |    27 |    22 |       |       |       ||    60
       Plate armour      |       |       |   186 |   401 |   106 |       ||   693
       Gold dragon scale |       |       |       |       |   776 |   941 ||  1717
Dodge: Dodged            |    62 |    49 |   112 |   240 |   366 |   272 ||  1101
Block: Other             |       |       |       |       |    98 |   117 ||   215
       Reflection        |       |       |       |       |     3 |     8 ||    11
       Rpst.: Great sword |       |       |       |       |    62 |    46 ||   108

Table legend:
 A = Non-vault XP
 B = Vault XP
 C = Vault XP percentage of total XP
 D = Non-vault monster count
 E = Vault monster count
 F = Vault count percentage of total count
                 A         B        C        D         E       F
            +---------+---------+-------+---------+---------+-------
      Total |  186761 |  108031 |  36.6 |     717 |     294 |  29.1
            +---------+---------+-------+---------+---------+-------
        D:1 |      59 |       0 |   0.0 |      30 |       0 |   0.0
        D:2 |      73 |     300 |  80.4 |      21 |      13 |  38.2
        D:3 |      26 |     117 |  81.8 |      10 |       4 |  28.6
        D:4 |      68 |     196 |  74.2 |       8 |       1 |  11.1
        D:5 |     768 |       0 |   0.0 |      19 |       0 |   0.0
        D:6 |     570 |      74 |  11.5 |      10 |       7 |  41.2
        D:7 |    2332 |     136 |   5.5 |      49 |       3 |   5.8
        D:8 |    1091 |       0 |   0.0 |      24 |       0 |   0.0
        D:9 |    3490 |     359 |   9.3 |      31 |       9 |  22.5
       D:10 |    9153 |    4384 |  32.4 |      61 |      12 |  16.4
       D:11 |    3416 |    1530 |  30.9 |      29 |       5 |  14.7
       D:12 |    4440 |     454 |   9.3 |      12 |       1 |   7.7
       D:13 |    6928 |    2390 |  25.6 |      27 |       9 |  25.0
       D:14 |    5938 |    5491 |  48.0 |      18 |      15 |  45.5
       D:15 |    7278 |    5058 |  41.0 |      25 |       8 |  24.2
     Lair:1 |    1236 |     122 |   9.0 |       9 |      12 |  57.1
     Lair:2 |    3681 |       0 |   0.0 |      12 |       0 |   0.0
     Lair:3 |     594 |   11257 |  95.0 |       7 |      30 |  81.1
     Lair:4 |    5288 |       0 |   0.0 |      24 |       0 |   0.0
     Lair:5 |    2931 |       0 |   0.0 |      12 |       0 |   0.0
     Lair:6 |   12361 |   10725 |  46.5 |      36 |      29 |  44.6
   Shoals:1 |   16403 |    4276 |  20.7 |      31 |       9 |  22.5
   Shoals:2 |   21106 |    8231 |  28.1 |      35 |       9 |  20.5
   Shoals:3 |    3829 |       0 |   0.0 |      10 |       0 |   0.0
    Snake:1 |   10345 |       0 |   0.0 |      20 |       0 |   0.0
    Snake:2 |   21135 |   14457 |  40.6 |      43 |      12 |  21.8
    Snake:3 |   16191 |     163 |   1.0 |      28 |       1 |   3.4
    Snake:4 |   22807 |   22633 |  49.8 |      48 |      38 |  44.2
      Orc:1 |    1779 |     639 |  26.4 |      20 |       7 |  25.9
      Orc:2 |    1445 |    7144 |  83.2 |       8 |      29 |  78.4
     Bailey |       0 |    2259 | 100.0 |       0 |      17 | 100.0
   Gauntlet |       0 |    5636 | 100.0 |       0 |      14 | 100.0
            +---------+---------+-------+---------+---------+-------
